 Dungeon Crawl Stone Soup version 0.30-a0-263-ge22c4ad894 (webtiles) character file.

Game seed: 6355309457897905539

2842 brightshaft the Carver (level 9, -4/67 HPs)
             Began as a Demigod Gladiator on Oct 13, 2022.
             Slain by a hornet (12 damage)
             ... on level 8 of the Dungeon on Oct 14, 2022.
             The game lasted 00:11:56 (5922 turns).

brightshaft the Carver (Demigod Gladiator)          Turns: 5922, Time: 00:11:57

Health: -4/67      AC: 10    Str: 15    XL:     9   Next: 22%
Magic:  0/11       EV: 12    Int: 10    God:
Gold:   533        SH:  0    Dex: 30    Spells: 8/8 levels left

rFire   . . .      SeeInvis .    a - +1 scimitar
rCold   . . .      Faith    .    (no shield)
rNeg    . . .      Spirit   +    I - +0 ring mail {Will+}
rPois   +          Reflect  .    c - +0 helmet
rElec   .          Harm     .    (no cloak)
rCorr   .          Rampage  .    i - +2 pair of gloves {Stlth+}
Will    +....                    n - +0 pair of boots
Stlth   +++.......               f - amulet of Yfawk {Spirit Dex-3 Slay+4}
HPRegen 0.31/turn                p - +6 ring of dexterity
MPRegen 0.12/turn                w - ring of poison resistance

@: no status effects
A: high MP 1, forlorn, divine attributes
a: no special abilities


You were on level 8 of the Dungeon.
You visited 1 branch of the dungeon, and saw 8 of its levels.

You collected 533 gold pieces.

Inventory:

Hand Weapons
 a - a +1 scimitar (weapon)
 b - a +3 falchion of holy wrath
 y - a +2 dagger of venom
 O - a +1 long sword
Missiles
 d - 2 throwing nets (quivered)
 e - 9 javelins
 B - 6 poisoned darts
 N - 3 silver boomerangs
 Q - 5 boomerangs
Armour
 c - a +0 helmet (worn)
 i - a +2 pair of gloves of stealth (worn)
 n - a +0 pair of boots (worn)
 o - a +0 chain mail
 E - a +0 plate armour
 H - a +0 scale mail
 I - a +0 ring mail of willpower (worn)
Jewellery
 f - the amulet of Yfawk (around neck) {Spirit Dex-3 Slay+4}
   (You acquired it on level 5 of the Dungeon)

   [amulet of guardian spirit]

   It causes incoming damage to be divided between your reserves of health and
   magic.
   Dex:       It affects your dexterity (-3).
   Slay:      It affects your accuracy & damage with ranged weapons and melee
   (+4).
 p - a +6 ring of dexterity (left hand)
 w - a ring of poison resistance (right hand)
 D - a ring of wizardry
Wands
 G - a wand of polymorph (4)
 J - a wand of digging (4)
 P - a wand of flame (17) {@v2}
Scrolls
 m - 2 scrolls of noise
 q - 9 scrolls of identify {@r1}
 r - 2 scrolls of fog
 t - a scroll of fear
 x - 4 scrolls of teleportation {@r4}
 L - a scroll of magic mapping
 M - 4 scrolls of poison
Potions
 g - 5 potions of curing {@q1}
 h - 2 potions of degeneration {unknown}
 j - 4 potions of lignification {unknown}
 k - a potion of attraction {unknown}
 l - 2 potions of haste {@q3}
 s - a potion of brilliance {unknown}
 u - a potion of might {unknown}
 v - 2 potions of magic {unknown}
 z - a potion of berserk rage {unknown}
 A - 2 potions of flight {unknown}
 C - a potion of heal wounds {unknown}
 F - a potion of cancellation {unknown}
 K - 2 potions of resistance {unknown}
 S - 2 potions of mutation {unknown}


   Skills:
 - Level 1.7 Fighting
 * Level 12.3 Long Blades
 - Level 1.7 Throwing
 - Level 2.6 Dodging


You had 8 spell levels left.
You didn't know any spells.
Your spell library contained the following spells:

 Spells                   Type           Power      Damage    Failure   Level
 Summon Small Mammal      Summ           0%         N/A       58%         1
 Call Canine Familiar     Summ           0%         N/A       92%         3
 Ozocubu's Armour         Ice            0%         N/A       92%         3
 Stone Arrow              Conj/Erth      0%         3d7       92%         3
 Summon Guardian Golem    Hex/Summ       0%         N/A       92%         3
 Animate Armour           Summ/Erth      0%         N/A       100%        4
 Metabolic Englaciation   Hex/Ice        0%         N/A       100%        5
 Simulacrum               Ice/Necr       0%         N/A       100%        6
 Ozocubu's Refrigeration  Ice            0%         4d7       100%        7
 Lehudib's Crystal Spear  Conj/Erth      0%         10d2      100%        8


Dungeon Overview and Level Annotations

Branches:
Dungeon (8/15)             Temple (0/1) D:4            Lair (0/5) D:8

Shops:
D:1 (   D:2 *


Innate Abilities, Weirdness & Mutations

You have an increased reservoir of magic. (+10% MP)
You shall have no god before yourself.
Your divine heritage dramatically boosts your attributes as you level up.


Message History

The hornet stings you but does no damage.
The bullfrog hits the fungus.
The water moccasin bites the plant!
The plant begins to die.
The water moccasin bites the plant!
The hornet stings you!
You suddenly lose the ability to move!
A nearby fungus withers and dies.
The water moccasin bites the plant!
The plant begins to die.
The hornet stings you but does no damage.
The water moccasin bites you but does no damage.
The water moccasin bites the plant.
The hornet stings you! The water moccasin bites you!
* * * LOW HITPOINT WARNING * * *
The water moccasin bites you.
* * * LOW HITPOINT WARNING * * *
You are poisoned.
The water moccasin poisons you!
The water moccasin bites the plant.
The hornet stings you.
* * * LOW HITPOINT WARNING * * *
The bullfrog hits the plant.
The water moccasin bites you but does no damage. x2
You can move again.
It was a potion of curing.
You feel better.
A nearby plant withers and dies. x2
The hornet stings you.
* * * LOW HITPOINT WARNING * * *
You shrug off the repeated paralysis!
The water moccasin bites you but does no damage. x2
The hornet stings you.
* * * LOW HITPOINT WARNING * * *
The black bear bites the plant!
The plant begins to die.
The black bear claws the plant. x2; The water moccasin closely misses you. x2
The air fills with toxic fumes!
As you read the scroll of poison, it crumbles to dust.
You feel yourself speed up.
A nearby plant withers and dies.
The hornet stings you but does no damage.
The water moccasin barely misses you.
The black bear bites the plant.
The black bear claws the plant. x2
The water moccasin completely misses you.
The hornet stings you!
You die...

#............#....#
##..##§§§§§..#....#
#####§§§§..##..###
#§§§§§..#####
#§§§§.....
#§§§##..##
#§§§##..# #..
##§§§#..##
#...##@S§#...#
§§§§§§§SyF#...#
§§§P§§§Phs#..#
§§§§PP§.S§K§[##
§§§P§PP.§§§§§.###
P§P§P§§P§P§§§§PP#
§P§P§§P§§§§§§§§.#
P§PP§§PP§§§§§P§..#
P..............P#


You could see a hornet, 3 water moccasins, a black bear, a kobold brigand, a
bullfrog and a scorpion.

Vanquished Creatures
  Pikel (D:8)
  Maggie (D:6)
  Eustachio (D:6)
  An acid dragon (D:8)
  A sky beast (D:7)
  2 orc warriors
  3 black bears
  A phantom (D:5)
  2 bullfrogs
  4 necrophages (D:4)
  4 scorpions
  A killer bee (D:8)
  3 jellies
  A hound (D:5)
  An orc priest (D:6)
  A gnoll bouda (D:7)
  3 orc wizards
  2 scorpion zombies (D:4)
  A hound zombie (D:4)
  4 gnolls
  7 adders
  A shadow imp (D:7)
  A white imp (D:5)
  An ufetubus (D:6)
  A worm (D:4)
  3 dart slugs
  25 orcs
  4 bats
  6 endoplasms
  3 giant cockroaches
  10 goblins
  7 hobgoblins
  2 jackals (D:4)
  5 kobolds
  6 quokkas
  7 ball pythons
  2 frilled lizards (D:2)
  5 rats
  A bush (D:4)
135 creatures vanquished.

Vanquished Creatures (others)
  18 fungi (D:8)
  32 plants
50 creatures vanquished.

Grand Total: 185 creatures vanquished

Notes
Turn   | Place    | Note
-------+----------+-------------------------------------------
     0 | D:1      | brightshaft the Demigod Gladiator began the quest for the
                  | Orb.
     0 | D:1      | Reached XP level 1. HP: 17/17 MP: 3/3
    98 | D:1      | Found Pisopn's Weapon Shoppe.
   108 | D:1      | Reached skill level 3 in Long Blades
   172 | D:1      | Reached XP level 2. HP: 21/24 MP: 4/4
   750 | D:2      | Reached XP level 3. HP: 29/29 MP: 5/5
   761 | D:2      | Reached skill level 4 in Long Blades
   804 | D:2      | Found Westrel's General Store.
  1630 | D:3      | Reached XP level 4. HP: 36/36 MP: 6/6
  1720 | D:3      | Noticed a +0 spear
  1720 | D:3      | Noticed a +0 short sword
  1721 | D:3      | Noticed a +0 falchion
  1721 | D:3      | Noticed a +0 dagger
  1723 | D:3      | Noticed a +0 dagger
  1723 | D:3      | Noticed a +0 short sword
  1724 | D:3      | Noticed a +0 spear
  1727 | D:3      | Noticed a +0 falchion
  2051 | D:3      | Reached skill level 5 in Long Blades
  2161 | D:3      | Reached XP level 5. HP: 36/41 MP: 7/7
  2429 | D:4      | Found a staircase to the Ecumenical Temple.
  2637 | D:4      | Identified the +4 short sword "Foamy" {pain, Int+4 Dex+4}
  2796 | D:4      | Reached skill level 6 in Long Blades
  2920 | D:4      | Noticed an angel
  3002 | D:4      | Reached XP level 6. HP: 37/48 MP: 8/8
  3029 | D:4      | Reached skill level 7 in Long Blades
  3114 | D:5      | Entered Level 5 of the Dungeon
  3263 | D:5      | Reached XP level 7. HP: 48/53 MP: 9/9
  3531 | D:5      | Reached skill level 8 in Long Blades
  3604 | D:5      | Identified a scroll of acquirement
  3604 | D:5      | Acquired the amulet of Yfawk {Spirit Dex-3 Slay+4}
  3921 | D:6      | Reached skill level 9 in Long Blades
  3954 | D:6      | Noticed Eustachio
  4027 | D:6      | Killed Eustachio
  4028 | D:6      | Reached XP level 8. HP: 46/60 MP: 7/10
  4268 | D:6      | Noticed Maggie
  4287 | D:6      | Killed Maggie
  4288 | D:6      | Reached skill level 10 in Long Blades
  4818 | D:7      | Reached skill level 11 in Long Blades
  5560 | D:8      | Noticed Pikel
  5568 | D:8      | Killed Pikel
  5569 | D:8      | Reached XP level 9. HP: 32/67 MP: 6/11
  5690 | D:8      | Reached skill level 12 in Long Blades
  5904 | D:8      | Found a staircase to the Lair.
  5918 | D:8      | Paralysed by a hornet for 3 turns
  5922 | D:8      | Slain by a hornet

Illustrated notes

Levels and vault maps discovered:
D:1:      saegor_arrival_simple_d, layout_basic,
          hellmonk_ecumenical_altar_lost_god, serial_shops, shop
D:2:      layout_loops_ring, serial_shops, shop
D:3:      layout_loops_corners, nicolae_uskayaw_en_pointe
D:4:      layout_rooms, grunt_temple_overflow_holy_war,
          fedhas_altar_decomposition, elyvilon_altar_1, kennysheep_mini,
          minmay_temple_entry_offerings, roderic_serpentine_path
D:5:      layout_loops_ring, nicolae_ashenzari_skybound, grunt_ministairs_9
D:6:      layout_cave_pools, mainiacjoe_overflow_small_starburst,
          amethyst_overflow_temple_binary, uniq_eustachio, uniq_maggie
D:7:      layout_basic, mainiacjoe_overflow_brackets,
          nicolae_vehumet_altar_sigil
D:8:      layout_gridville, mainiacjoe_overflow_tiny_flanked,
          kennysheep_little_box, due_lair_maze_entry_diamond,
          hangedman_incinerator, uniq_pikel

Skill      XL: |  1  2  3  4  5  6  7  8  9 |
---------------+----------------------------+-----
Long Blades    | 3 4 5 6 7 9 11 12 | 12.3
Fighting       | |  1.7
Throwing       | |  1.7
Dodging        | |  2.6

Action                   |  1- 3 |  4- 6 |  7- 9 || total
-------------------------+-------+-------+-------++-------
Melee: Long sword        |   124 |   126 |    38 ||   288
       Dagger            |     9 |       |       ||     9
       Falchion          |       |       |    95 ||    95
       Punch             |       |       |     2 ||     2
       Scimitar          |       |       |    62 ||    62
Throw: Throwing net      |       |       |     2 ||     2
  Use: Scroll            |     9 |     1 |     4 ||    14
       Potion            |       |       |     1 ||     1
 Stab: Sleeping          |       |       |     3 ||     3
       Held in net/web   |       |       |     1 ||     1
Armor: Leather armour    |    10 |       |       ||    10
       Chain mail        |    66 |    76 |     2 ||   144
       Ring mail         |       |       |   110 ||   110
Dodge: Dodged            |    74 |    31 |   165 ||   270

Table legend: (Time is in decaauts)
 A = Elapsed time spent in this place.
 B = Non-inter-level travel time spent in this place.
 C = Inter-level travel time spent in this place.
 D = Time resting spent in this place.
 E = Time spent auto-exploring this place.
 F = Levels seen in this place.
 G = Mean time per level.
                   A        B        C        D        E       F      G
               +--------+--------+--------+--------+--------+-----+--------+
         Total |   5929 |   5690 |    239 |      0 |   4483 |   8 |  741.1 |
       Dungeon |   5929 |   5690 |    239 |      0 |   4483 |   8 |  741.1 |
               +--------+--------+--------+--------+--------+-----+--------+

Top non-repeatable levels by time:
     D:3: 912 daAuts
     D:7: 852 daAuts
     D:6: 831 daAuts
     D:4: 765 daAuts
     D:2: 750 daAuts
     D:5: 737 daAuts
     D:1: 719 daAuts
     D:8: 359 daAuts
